 Dungeon Crawl Stone Soup version 0.28-a0-194-g42b4daccc1 (console) character file.

Game seed: 9298681571802632915

319 Khyla the Chopper (level 6, -8/52 HPs)
             Began as a Draconian Wanderer on Aug 18, 2021.
             Mangled by an ogre (33 damage)
             ... on level 5 of the Dungeon.
             The game lasted 01:01:05 (3738 turns).

Khyla the Chopper (Draconian Wanderer)              Turns: 3738, Time: 01:01:06

Health: -8/52      AC:  6    Str: 19    XL:     6   Next: 21%
Magic:  7/7        EV: 15    Int: 13    God:
Gold:   280        SH:  0    Dex: 13    Spells: 7/7 levels left

rFire   . . .      SeeInvis .   a - +2 hand axe
rCold   . . .      Faith    .   (no shield)
rNeg    . . .      Spirit   .   (armour unavailable)
rPois   +          Reflect  .   (helmet restricted)
rElec   .          Harm     .   (no cloak)
rCorr   .          Rampage  .   (no gloves)
Will    .....                   (no boots)
Stlth   ++........              (no amulet)
HPRegen 0.17/turn               t - +4 ring of evasion
MPRegen 0.10/turn               C - +6 ring of strength

@: unable to read
A: AC +6, unfitting armour, cold-blooded, horns 1, poison resistance, evolution
1, inability to read while threatened
a: no special abilities


You were on level 5 of the Dungeon.
You visited 1 branch of the dungeon, and saw 7 of its levels.

You collected 280 gold pieces.

Inventory:

Hand Weapons
 a - a +2 hand axe (weapon)
 b - a +0 shortbow
 g - a +0 flail
 m - a +0 short sword
 o - a +1 vorpal great sword
 r - a +0 rapier
 w - a +3 dagger
 K - a +0 club
 N - a +0 whip
 R - a +0 short sword
 S - a +0 dagger
 U - a +0 dagger
 W - a +0 short sword
 Y - a +0 dagger
 Z - a +0 dagger
Missiles
 c - 31 arrows
 i - 21 sling bullets
 q - 107 stones (quivered)
 A - 2 curare-tipped darts
 B - 21 poisoned darts
Armour
 e - a +0 robe
 f - a +1 chain mail
 j - a +0 leather armour
 l - a +2 helmet
 p - a +0 buckler
 u - a +0 ring mail
 y - a +0 ring mail
 H - a +0 robe
 M - a +0 ring mail
 O - a +0 chain mail
 P - a +0 robe
 Q - a +0 robe
 T - a +0 scale mail
 X - a +0 leather armour
Magical Staves
 v - a staff of poison
Jewellery
 h - a ring of poison resistance
 t - a +4 ring of evasion (left hand)
 C - a +6 ring of strength (right hand)
Wands
 V - a wand of charming (3)
Scrolls
 d - 4 scrolls of teleportation
 n - 2 scrolls of identify
Potions
 k - a potion of curing
 s - 2 potions of degeneration
 F - 2 potions of flight


   Skills:
 + Level 3.6 Fighting
 + Level 4.8 Axes
 + Level 2.9 Bows
 + Level 0.3 Throwing
 + Level 1.1 Dodging
 - Level 1.2 Stealth
 + Level 1.0 Spellcasting
 + Level 1.2 Conjurations
 + Level 1.2 Summonings
 + Level 1.0 Evocations


You had 7 spell levels left.
You didn't know any spells.
Your spell library contained the following spells:

 Spells                   Type           Power      Damage    Failure   Level
 Stone Arrow              Conj/Erth      4%         3d7       54%         3
 Bolt of Magma            Conj/Fire/Erth 0%         4d4       100%        5
 Shatter                  Erth           0%         3d5*      100%        9


Dungeon Overview and Level Annotations

Branches:
Dungeon (7/15)
 Temple: D:4-7

Altars:

Annotations:
D:4 Menkaure


Innate Abilities, Weirdness & Mutations

Your plain brown scales are hard. (AC +6)
You cannot fit into any form of body armour.
You are cold-blooded and may be slowed by cold attacks.
You have a pair of small horns on your head.
Your system is resistant to poisons. (rPois)
You have hidden genetic potential.
You sometimes lose the ability to read scrolls when taking damage.


Message History

q - 107 stones (gained 21)
Found a stone staircase leading up.
There is a stone staircase leading up here.
You can't go down here!
You climb upwards.
There is a stone staircase leading down here.
Found a stone staircase leading up.
Found a ring mail.
You now have 280 gold pieces (gained 11).
You see here a +0 ring mail.
There is a stone staircase leading up here.
An ogre comes into view. It is wielding a +0 giant spiked club.
The ogre shouts!
Fire: 32 arrows
Press: ? - help, Q - select action, (/) - cycle Shift-Dir - straight line, f - ogre
Aim: an ogre, wielding a +0 giant spiked club (74% to hit)
Press: ? - help, v - describe, . - travel A rock wall.
Fire: 32 arrows
Press: ? - help, Q - select action, (/) - cycle Shift-Dir - straight line, f - you
Okay, then.
Fire: 32 arrows
Press: ? - help, Q - select action, (/) - cycle Shift-Dir - straight line, f - ogre
Aim: an ogre, wielding a +0 giant spiked club (74% to hit)
You shoot an arrow. The arrow hits the ogre!
The ogre is moderately wounded.
An ogre is nearby!
a - a +2 hand axe (weapon)
You hit the ogre.
The ogre is moderately wounded.
The ogre hits you with a +0 giant spiked club.
You hit the ogre.
The ogre is heavily wounded.
The ogre hits you with a +0 giant spiked club!!
You slash the ogre!
The ogre is severely wounded.
The ogre hits you with a +0 giant spiked club!!
You feel threatened and lose the ability to read scrolls!
Ouch! That really hurt!
You die...

#............##.........###
#.#####........####........
#.....#.######.# #.#######
#####.#.# ##...## #>.......
#.#.# #.....# #########
#.#.###.....# #.....<.....#
###.#.###.....#
#...#.###.....###
#.#.#.#.O@.......
#.#.#.#.#.....##.
#.#.#.#.#.....#
#.#.#.#.#.....#
#.#.#.#.#.....# #.#.#
#.#....## #.#.#.(.#....#
#.O..##....# #.... #....


You could see an ogre.

Vanquished Creatures
  2 hounds (D:3)
  2 iguanas
  Jessica (D:3)
  An orc wizard (D:3)
  A gnoll (D:2)
  5 adders
  A worm (D:3)
  2 dart slugs (D:3)
  5 orcs (D:3)
  8 ball pythons
  15 endoplasms
  6 giant cockroaches
  7 goblins
  10 hobgoblins
  3 quokkas
  4 bats
  4 frilled lizards
  7 kobolds
  6 rats
90 creatures vanquished.

Notes
Turn   | Place    | Note
-------+----------+-------------------------------------------
     0 | D:1      | Khyla the Draconian Wanderer began the quest for the Orb.
     0 | D:1      | Khyla set off with the following items: a +2 hand axe, a +0
                  | shortbow, 25 arrows, a scroll of teleportation
     0 | D:1      | Reached XP level 1. HP: 17/17 MP: 2/2
   116 | D:1      | Reached XP level 2. HP: 24/25 MP: 3/3
   793 | D:2      | Reached XP level 3. HP: 25/30 MP: 4/4
  1046 | D:2      | Reached skill level 4 in Axes
  1193 | D:2      | Reached skill level 1 in Bows
  1322 | D:2      | Reached XP level 4. HP: 37/37 MP: 5/5
  2060 | D:3      | Noticed Jessica
  2064 | D:3      | Killed Jessica
  2107 | D:3      | Reached XP level 5. HP: 36/45 MP: 6/6
  2929 | D:3      | Noticed a steam dragon
  3009 | D:3      | Reached skill level 1 in Dodging
  3009 | D:3      | Reached XP level 6. HP: 46/51 MP: 7/7
  3243 | D:4      | Gained mutation: You have hidden genetic potential. [potion
                  | of mutation]
  3243 | D:4      | Gained mutation: Your system is resistant to poisons.
                  | (rPois) [potion of mutation]
  3243 | D:4      | Gained mutation: You sometimes lose the ability to read
                  | scrolls when taking damage. [potion of mutation]
  3243 | D:4      | Gained mutation: You have a pair of small horns on your
                  | head. [potion of mutation]
  3596 | D:4      | Noticed Menkaure
  3607 | D:4      | You fall into a shaft and drop 3 floors!
  3670 | D:5      | Entered Level 5 of the Dungeon
  3738 | D:5      | Mangled by an ogre

Illustrated notes

Levels and vault maps discovered:
D:1:      ncdulo_wetmaze, layout_basic
D:2:      wad_river_or_something, layout_basic, minmay_split_cup_large
D:3:      layout_loops_ring, minmay_misc_feat_x, minmay_divided_ellipse,
          uniq_jessica
D:4:      layout_basic, gammafunk_ghost_necromancy, minivault_1,
          grunt_ministairs_10, minivault_14, uniq_menkaure
D:5:      layout_basic, xom_teletrap_fun, okawaru_metal_pillars_1_2
D:6:      layout_basic, temple_doors_e, minmay_joined_circles, uniq_sigmund
D:7:      layout_gridville, mainiacjoe_overflow_chevrons

Skill      XL: |  1  2  3  4  5 |
---------------+----------------+-----
Axes           | 4 |  4.8
Bows           | 1 2 |  2.9
Fighting       | 3 |  3.6
Dodging        | 1 |  1.1
Throwing       | |  0.3
Stealth        | |  1.2
Spellcasting   | |  1.0
Conjurations   | |  1.2
Summonings     | |  1.2
Evocations     | |  1.0

Action                   |  1- 3 |  4- 6 || total
-------------------------+-------+-------++-------
Melee: Hand axe          |    72 |   113 ||   185
       Tailslap          |     7 |    13 ||    20
 Fire: Shortbow          |    46 |    41 ||    87
       Hunting sling     |     3 |       ||     3
Throw: Throwing net      |     1 |     2 ||     3
       Stone             |       |    16 ||    16
  Use: Scroll            |     1 |     4 ||     5
       Potion            |     5 |     6 ||    11
 Stab: Sleeping          |     1 |     1 ||     2
Armor: Skin              |    24 |    32 ||    56
Dodge: Dodged            |    50 |    85 ||   135

Table legend: (Time is in decaauts)
 A = Elapsed time spent in this place.
 B = Non-inter-level travel time spent in this place.
 C = Inter-level travel time spent in this place.
 D = Time resting spent in this place.
 E = Time spent auto-exploring this place.
 F = Levels seen in this place.
 G = Mean time per level.
                   A        B        C        D        E       F      G
               +--------+--------+--------+--------+--------+-----+--------+
         Total |   3764 |   3724 |     40 |    474 |   1484 |   7 |  537.7 |
       Dungeon |   3764 |   3724 |     40 |    474 |   1484 |   7 |  537.7 |
               +--------+--------+--------+--------+--------+-----+--------+

Top non-repeatable levels by time:
     D:2: 1402 daAuts
     D:3: 1126 daAuts
     D:1: 580 daAuts
     D:4: 524 daAuts
     D:5: 67 daAuts
     D:6: 56 daAuts
     D:7: 5 daAuts
